 Dungeon Crawl Stone Soup version 0.29-a0-451-gfbfa42419e (console) character file.

Game seed: 16548631092789948219

389 Faeu the Chopper (level 6, -7/84 HPs)
             Began as a Minotaur Berserker on May 19, 2022.
             Was a Believer of Trog.
             Mangled by a gnoll
             ... wielding a +4 spear
              (11 damage)
             ... on level 5 of the Dungeon.
             The game lasted 00:04:33 (4066 turns).

Faeu the Chopper (Minotaur Berserker)               Turns: 4066, Time: 00:04:34

Health: -7/84      AC:  3    Str: 23    XL:     6   Next: 50%
Magic:  5/5        EV: 13    Int:  4    God:    Trog [**....]
Gold:   116        SH:  0    Dex: 10    Spells: 5/5 levels left

rFire   . . .      SeeInvis .   a - +0 hand axe
rCold   . . .      Faith    .   (no shield)
rNeg    . . .      Spirit   .   b - +0 animal skin
rPois   .          Reflect  .   (helmet restricted)
rElec   .          Harm     .   (no cloak)
rCorr   .          Rampage  .   p - +0 pair of gloves
Will    .....                   (no boots)
Stlth   ..........              (no amulet)
HPRegen 0.24/turn               (no ring)
MPRegen 0.09/turn               (no ring)

@: berserking, very quick
A: horns 2, retaliatory headbutt
a: Renounce Religion, Berserk, Trog's Hand


You were on level 5 of the Dungeon.
You worshipped Trog.
Trog was pleased with you.
You visited 1 branch of the dungeon, and saw 5 of its levels.

You collected 116 gold pieces.

Inventory:

Hand Weapons
 a - a +0 hand axe (weapon)
Armour
 b - a +0 animal skin (worn)
 p - a +0 pair of gloves (worn)
Jewellery
 k - a ring of poison resistance
 o - a ring of protection from cold
 s - an amulet of magic regeneration
Scrolls
 e - a scroll of noise {unknown}
 f - 3 scrolls of blinking
 i - 2 scrolls of poison
 l - a scroll of teleportation {unknown}
 m - 2 scrolls of enchant armour {unknown}
 q - a scroll of immolation {unknown}
 t - 2 scrolls of magic mapping {unknown}
Potions
 c - a potion of magic {unknown}
 d - 2 potions of heal wounds {unknown}
 g - 2 potions of curing
 h - a potion of invisibility {unknown}
 j - 3 potions of haste {unknown}
 n - a potion of might {unknown}
 r - a potion of resistance {unknown}


   Skills:
 + Level 5.4 Fighting
 + Level 5.4 Axes
 + Level 4.6 Armour
 + Level 4.2 Dodging


You had 5 spell levels left.
You didn't know any spells.
Your spell library was empty.

Dungeon Overview and Level Annotations

Branches:
Dungeon (5/15)
 Temple: D:4-7

Altars:
Xom


Innate Abilities, Weirdness & Mutations

You have a pair of horns on your head.
You reflexively headbutt those who attack you in melee.


Message History

The gnoll hits the bush but does no damage.
The gnoll hits the bush with a +2 whip of venom.
The black bear bites the bush.
The black bear claws the bush but does no damage. x2
The gnoll hits the bush with a +0 halberd!
The gnoll hits the bush with a +2 whip of venom.
The bush is poisoned.
The gnoll hits the bush with a +4 spear.
The black bear bites the bush.
The black bear claws the bush but does no damage. x2
The gnoll hits you from afar with a +0 halberd!
The gnoll misses you.
The gnoll hits the bush but does no damage.
The black bear bites the bush but does no damage.
The black bear claws the bush.
The black bear claws the bush but does no damage.
The gnoll hits you with a +0 flail.
* * * LOW HITPOINT WARNING * * *
The gnoll closely misses you. x2
The gnoll hits the bush with a +2 whip of venom.
The black bear bites the bush but does no damage.
The black bear claws the bush.
The black bear claws the bush but does no damage.
A red film seems to cover your vision as you go berserk!
You feel yourself moving faster!
You feel mighty! The gnoll hits you but does no damage.
The gnoll hits you with a +0 flail!
* * * LOW HITPOINT WARNING * * *
The gnoll hits you from afar with a +4 spear!
* * * LOW HITPOINT WARNING * * *
The gnoll hits the bush but does no damage.
The black bear bites the bush but does no damage.
The black bear claws the bush but does no damage.
The black bear claws the bush.
You hit the gnoll.
The gnoll is heavily wounded.
You slash the bush! You hit the bush but do no damage.
You completely miss the bush. You hit the bush but do no damage.
You hit the bush. The gnoll misses you.
The gnoll hits you from afar with a +4 spear!
You die... ## . ##PPPPPPP.P ##.......P.P .. ##..PPPgP.P.P P.. ##...P.P(P.P.P... ##....P.PPP.P.P.P #.....P.....P...P #.....P.P.PPPPP.P # ......P.P.P...P.P # .....gPgPPP.P.P.P # .....gP@..P.P...P# # .....gP.PPP.PPPPP#

# .....hP.........P###
..)...PPPPPPP.PPP..##
............#.......###
.?.........#####......##
...........# ###......
..........## ##.....
.........## ##....
......### ##... ###..


You could see a black bear and 4 gnolls.

Vanquished Creatures
  An ogre (D:4)
  A necrophage (D:5)
  A scorpion (D:3)
  2 jellies
  An iguana (D:4)
  2 adders
  An ufetubus (D:4)
  2 worms (D:3)
  2 dart slugs
  An orc (D:4)
  4 ball pythons
  3 bats
  5 endoplasms
  A giant cockroach (D:1)
  7 goblins
  5 hobgoblins
  12 jackals
  4 quokkas
  3 frilled lizards
  4 kobolds
  4 rats
66 creatures vanquished.

Notes
Turn   | Place    | Note
-------+----------+-------------------------------------------
     0 | D:1      | Faeu the Minotaur Berserker began the quest for the Orb.
     0 | D:1      | Reached XP level 1. HP: 19/19 MP: 0/0
    80 | D:1      | Found a faded altar of an unknown god.
   298 | D:1      | Reached XP level 2. HP: 26/27 MP: 1/1
   927 | D:1      | Reached XP level 3. HP: 29/33 MP: 2/2
  1112 | D:2      | Found a shimmering altar of Xom.
  1496 | D:2      | Reached ** piety under Trog
  2166 | D:3      | Noticed a scorpion
  2173 | D:3      | Killed a scorpion
  2174 | D:3      | Reached XP level 4. HP: 13/41 MP: 3/3
  2821 | D:4      | Reached XP level 5. HP: 38/47 MP: 4/4
  3416 | D:4      | Noticed an ogre
  3421 | D:4      | Killed an ogre
  3422 | D:4      | Reached skill level 5 in Fighting
  3422 | D:4      | Reached skill level 5 in Axes
  3422 | D:4      | Reached XP level 6. HP: 40/56 MP: 5/5
  3852 | D:5      | Entered Level 5 of the Dungeon
  4065 | D:5      | HP: 4/84 [gnoll/+4 spear (7)]
  4066 | D:5      | Mangled by a gnoll

Illustrated notes

Levels and vault maps discovered:
D:1:      amcnicky_arrival_gap_in_the_tavern_cellar, layout_loops_ring,
          serial_glass, glass_columns_a, glass_columns_c,
          hellmonk_ecumenical_altar_crossroads, chequers_decorated_corner,
          dreamdust_princess_bridge, hangedman_decor_lopped
D:2:      layout_basic, basic_altar, kennysheep_generic_room_7
D:3:      layout_rooms
D:4:      layout_loops_corners
D:5:      layout_cave_pods, gammafunk_temple_overflow_arena,
          portal_sewer_entry_a, chequers_serial_rivers_marsh, minivault_19,
          minmay_hedge_maze

Skill      XL: |  1  2  3  4  5 |
---------------+----------------+-----
Fighting       | 4 5 |  5.4
Axes           | 4 5 |  5.4
Armour         | 3 4 |  4.6
Dodging        | 3 4 |  4.2

Action                   |  1- 3 |  4- 6 || total
-------------------------+-------+-------++-------
Melee: Hand axe          |    98 |    66 ||   164
       Headbutt          |    16 |    14 ||    30
       Punch             |       |     1 ||     1
Invok: Berserk           |       |     3 ||     3
  Use: Potion            |       |     1 ||     1
       Scroll            |       |     2 ||     2
Armor: Animal skin       |    18 |    14 ||    32
Dodge: Dodged            |    57 |    54 ||   111

Table legend: (Time is in decaauts)
 A = Elapsed time spent in this place.
 B = Non-inter-level travel time spent in this place.
 C = Inter-level travel time spent in this place.
 D = Time resting spent in this place.
 E = Time spent auto-exploring this place.
 F = Levels seen in this place.
 G = Mean time per level.
                   A        B        C        D        E       F      G
               +--------+--------+--------+--------+--------+-----+--------+
         Total |   4092 |   3934 |    158 |     78 |   3284 |   5 |  818.4 |
       Dungeon |   4092 |   3934 |    158 |     78 |   3284 |   5 |  818.4 |
               +--------+--------+--------+--------+--------+-----+--------+

Top non-repeatable levels by time:
     D:4: 1117 daAuts
     D:1: 1069 daAuts
     D:2: 895 daAuts
     D:3: 789 daAuts
     D:5: 220 daAuts
